 Dungeon Crawl Stone Soup version 0.29.1-1-gd02db69 (webtiles) character file.

Game seed: 1467935000577883362

276392 Dorkslayer the Peltast (level 21, -4/171 HPs)
             Began as a Human Fighter on Oct 25, 2022.
             Was an Initiate of Gozag.
             Killed from afar by a crystal guardian (54 damage)
             ... with a crystal bolt
             ... led by a peacekeeper
             ... on level 3 of the Vaults.
             The game lasted 03:00:39 (55044 turns).

Dorkslayer the Peltast (Human Fighter)             Turns: 55044, Time: 03:00:40

Health: -4/171     AC: 33    Str: 26    XL:     21   Next: 23%
Magic:  27/27      EV: 15    Int: 12    God:    Gozag
Gold:   2541       SH: 20    Dex: 24    Spells: 20/20 levels left

rFire   + + .      SeeInvis +   A - +5 scimitar (flame)
rCold   . . .      Faith    .   Y - +4 kite shield {reflect}
rNeg    + + .      Spirit   .   N - +8 pearl dragon scales of Daisies {rF++ rN+}
rPois   +          Reflect  +   s - +0 helmet
rElec   +          Harm     .   t - +2 cloak {rCorr}
rCorr   +          Rampage  .   q - +0 pair of gloves "Lexohusy" {rN+ rCorr}
Will    ++...                   w - +2 pair of boots {Fly}
Stlth   ++........              R - amulet of Relativism {Acrobat rElec Str+7 SInv}
HPRegen 0.38/turn               O - +6 ring of dexterity
MPRegen 0.20/turn               F - ring of poison resistance

@: flying, studying 2 skills
A: talons 1, strong-willed 1, screaming 1, MP-powered wands
}: 2/15 runes: decaying, serpentine
a: Renounce Religion, Potion Petition, Call Merchant, Bribe Branch


You were on level 3 of the Vaults.
You worshipped Gozag.
Gozag was most pleased with you.
You visited 7 branches of the dungeon, and saw 34 of its levels.
You also visited: Sewer and Volcano.

You collected 16601 gold pieces.
You spent 9827 gold pieces at shops.
You paid 4233 gold pieces to Gozag.

Inventory:

Hand Weapons
 c - a +2 scimitar of venom
 A - a +5 scimitar of flaming (weapon)
 H - the +3 trident "Hellblazer" {spect, Str+4 Int+4}
   (You found it on level 10 of the Dungeon)

   When its wielder attacks, the weapon's spirit leaps out and strikes again.
   The spirit shares a part of any damage it takes with its wielder.
   Str:       It affects your strength (+4).
   Int:       It affects your intelligence (+4).
 J - a +1 demon trident of electrocution
 W - a +1 scimitar of holy wrath
Missiles
 k - a curare-tipped dart (quivered)
 U - 3 javelins
Armour
 q - the +0 pair of gloves "Lexohusy" (worn) {rN+ rCorr}
   (You found it on level 2 of the Dungeon)

   rN:        It protects you from negative energy.
   rCorr:     It protects you from acid and corrosion.
 s - a +0 helmet (worn)
 t - a +2 cloak of preservation (worn)
 w - a +2 pair of boots of flying (worn)
 C - a +5 plate armour of cold resistance
 N - the +8 pearl dragon scales of Daisies (worn) {rF++ rN+}
   (You bought it in a shop on level 11 of the Dungeon)

   rF:        It greatly protects you from fire.
   rN:        It protects you from negative energy.
 Y - a +4 kite shield of reflection (worn)
 Z - a +1 tower shield of protection
Jewellery
 r - a ring of see invisible
 F - a ring of poison resistance (right hand)
 I - an amulet of reflection
 O - a +6 ring of dexterity (left hand)
 R - the amulet of Relativism (around neck) {Acrobat rElec Str+7 SInv}
   (You bought it in a shop on level 11 of the Dungeon)

   [amulet of the acrobat]

   It increases your evasion while moving and waiting.
   Str:       It affects your strength (+7).
   rElec:     It insulates you from electricity.
   SInv:      It lets you see invisible.
Wands
 g - a wand of polymorph (19)
 i - a wand of mindburst (17)
 m - a wand of roots (4)
 D - a wand of digging (3)
 T - a wand of flame (20)
Scrolls
 e - 6 scrolls of immolation
 l - 6 scrolls of teleportation
 o - 18 scrolls of identify
 y - 6 scrolls of amnesia
 E - 3 scrolls of fog
 K - 2 scrolls of fear
 L - 5 scrolls of poison
 Q - a scroll of blinking
 V - a scroll of brand weapon
Potions
 b - 7 potions of cancellation
 d - 3 potions of might
 f - 11 potions of flight
 h - 16 potions of curing
 j - a potion of heal wounds
 p - 2 potions of haste
 u - 3 potions of brilliance
 v - 7 potions of ambrosia
 x - 5 potions of resistance
 G - 3 potions of magic
 M - a potion of berserk rage
Miscellaneous
 a - a phial of floods
 n - a condenser vane
 P - a lightning rod (4/4)


   Skills:
 * Level 16.1 Fighting
 + Level 3.3(10.4) Short Blades
 + Level 15.1(15.2) Long Blades
 * Level 8.5 Polearms
 * Level 14.4 Throwing
 + Level 11.5 Armour
 + Level 7.4 Dodging
 + Level 6.8 Stealth
 + Level 17.1 Shields
 * Level 8.4 Invocations
 * Level 14.6 Evocations


You had 20 spell levels left.
You didn't know any spells.
Your spell library contained the following spells:

 Spells                   Type           Power      Damage    Failure   Level
 Apportation              Tloc           0%         N/A       75%         1
 Freeze                   Ice            0%         1d3       75%         1
 Magic Dart               Conj           0%         1d3       75%         1
 Slow                     Hex            0%         N/A       75%         1
 Sting                    Tmut/Pois      0%         1d3       75%         1
 Call Imp                 Summ           0%         N/A       87%         2
 Poisonous Vapours        Pois/Air       0%         N/A       87%         2
 Searing Ray              Conj           0%         2d4       87%         2
 Static Discharge         Conj/Air       0%         3-3/arc   87%         2
 Confusing Touch          Hex            0%         N/A       98%         3
 Dazzling Flash           Conj/Hex       0%         N/A       98%         3
 Frozen Ramparts          Ice            0%         1d1       98%         3
 Gell's Gravitas          Tloc           0%         N/A       98%         3
 Ignite Poison            Fire/Tmut/Pois 0%         N/A       98%         3
 Mephitic Cloud           Conj/Pois/Air  0%         N/A       98%         3
 Stone Arrow              Conj/Erth      0%         3d7       98%         3
 Summon Guardian Golem    Hex/Summ       0%         N/A       98%         3
 Teleport Other           Tloc           0%         N/A       98%         3
 Vampiric Draining        Necr           0%         2d6       98%         3
 Animate Armour           Summ/Erth      0%         N/A       100%        4
 Dispel Undead            Necr           0%         3d6       100%        4
 Fulminant Prism          Conj/Hex       0%         3d6       100%        4
 Hailstorm                Conj/Ice       0%         3d3       100%        4
 Ice Form                 Ice/Tmut       0%         N/A       100%        4
 Iskenderun's Mystic Bla  Conj/Tloc      0%         2d3       100%        4
 Olgreb's Toxic Radiance  Pois           0%         N/A       100%        4
 Sticky Flame             Conj/Fire      0%         2d3       100%        4
 Summon Lightning Spire   Summ/Air       0%         N/A       100%        4
 Agony                    Necr           0%         N/A       100%        5
 Alistair's Intoxication  Tmut/Pois      0%         N/A       100%        5
 Blade Hands              Tmut           0%         N/A       100%        5
 Borgnjor's Vile Clutch   Necr/Erth      0%         N/A       100%        5
 Freezing Cloud           Conj/Ice/Air   0%         6-21      100%        5
 Silence                  Hex/Air        0%         N/A       100%        5
 Summon Forest            Summ/Tloc      0%         N/A       100%        5
 Dispersal                Tloc           0%         N/A       100%        6
 Eringya's Noxious Bog    Tmut/Pois      0%         N/A       100%        6
 Iron Shot                Conj/Erth      0%         9d1       100%        6
 Starburst                Conj/Fire      0%         6d3       100%        6
 Summon Cactus Giant      Summ           0%         N/A       100%        6
 Malign Gateway           Summ/Tloc      0%         N/A       100%        7
 Orb of Destruction       Conj           0%         9d5       100%        7
 Spellforged Servitor     Conj/Summ      0%         N/A       100%        7
 Storm Form               Tmut/Air       0%         N/A       100%        7
 Summon Hydra             Summ           0%         N/A       100%        7
 Lehudib's Crystal Spear  Conj/Erth      0%         10d2      100%        8
 Maxwell's Capacitive Co  Air            0%         ∞         100%        8
 Polar Vortex             Ice            0%         N/A       100%        9
 Simulacrum               Ice/Necr       Unusable   N/A       N/A         6

Dungeon Overview and Level Annotations

Branches:
Dungeon (15/15)            Temple (1/1) D:5            Lair (5/5) D:11
  Swamp (4/4) Lair:3        Snake (4/4) Lair:2        Slime (0/5) Lair:5
    Orc (2/2) D:12            Elf (0/3) Orc:2        Vaults (3/5) D:13
  Crypt (0/3) Vaults:2     Depths (0/4) D:15          Sewer (visited)
Volcano (visited)

Altars:
Elyvilon
Gozag
Kikubaaqudgha
Makhleb
Nemelex Xobeh
Qazlal
Ru
Sif Muna
Trog
Uskayaw
Vehumet
Wu Jian
Xom
Yredelemnul

Shops:
D:2 [(?[!   D:3 *   D:7 !   D:11 [:[*=[[   D:15 (   Orc:2 ?(=(   Snake:4 *
Vaults:1 ?


Innate Abilities, Weirdness & Mutations

You have sharp toenails.
You are strong-willed. (Will+)
You occasionally shout uncontrollably at your foes.
You expend magic power (3 MP) to strengthen your wands.


Message History

Throw: throwing net
Press: ? - help, Q - select action, (/) - cycle Shift-Dir - straight line, f - crystal guardian
Aim: a crystal guardian (heavily damaged, strong, 98% to hit)
You throw a throwing net.
The throwing net hits the crystal guardian.
The crystal guardian is caught in the net!
The crystal guardian is heavily damaged.
The crystal guardian fires a crystalline bolt at you.
The crystal bolt freezes you! The crystal bolt freezes you!!!
The crystal bolt freezes the crystal guardian.
The crystal guardian completely resists.
The crystal guardian struggles against the net.
You hit the crystal guardian but do no damage.
The crystal guardian is heavily damaged.
You strike the helpless crystal guardian from behind!
You hit the crystal guardian but do no damage.
The crystal guardian is heavily damaged.
The crystal guardian struggles against the net.
Unknown command.
You slice the crystal guardian!!
The crystal guardian is severely damaged.
You hit the crystal guardian.
The crystal guardian is severely damaged.
The crystal guardian fires a crystalline bolt at you.
The crystal bolt freezes you!
The crystal bolt freezes you but does no damage.
The crystal bolt freezes the crystal guardian.
The crystal guardian completely resists.
The crystal guardian struggles against the net.
You hit the crystal guardian but do no damage.
The crystal guardian is severely damaged.
You catch the helpless crystal guardian completely off-guard!
You slice the crystal guardian!!
The crystal guardian is almost destroyed.
The crystal guardian fires a crystalline bolt at you.
The crystal bolt freezes you!!
* * * LOW HITPOINT WARNING * * *
The crystal bolt freezes you!!!
You die...
Your body crumbles into a pile of gold.

#.#.#####
#.......#
#####.#.#
#....#.# #......#
#+########..#.#.#
#.......#...#.#.#
#.......#...#...#
#.....$@'...#####
#.....9.###+#
#.......#
#########


You could see a crystal guardian (strong, caught).

Vanquished Creatures
  Vashnia (Snake:3)
  Jorgrun (Orc:1)
  2 tentacled monstrosities
  2 sphinxes
  An ancient champion (Vaults:2)
  Donald (Swamp:3)
  3 nagarajas
  A frost giant (Vaults:2)
  An orc warlord (Vaults:2)
  5 vault wardens
  A ghoul (Swamp:3)
  7 ironbound preservers
  2 reapers (D:14)
  Nessos (D:13)
  4 ironbound thunderhulks
  5 bunyips
  2 eleionomae
  7 dire elephants (Vaults:2)
  A deep elf death mage (D:14)
  A fire dragon (Lair:5)
  Josephine (D:11)
  4 yaktaur captains
  3 salamander tyrants
  3 great orbs of eyes
  3 shambling mangroves
  2 vault guards (Vaults:1)
  Harold (D:11)
  A peacekeeper (Vaults:3)
  A boulder beetle (D:12)
  A spriggan air mage (Swamp:4)
  21 hydras
  7 alligators
  3 two-headed ogres
  4 ghost crabs
  10 anacondas
  A catoblepas (Lair:5)
  9 centaur warriors
  3 ironbound frosthearts
  16 naga warriors
  3 tengu warriors
  6 death yaks
  3 orc high priests (Orc:2)
  9 shock serpents
  3 soul eaters (D:14)
  Sonja (D:11)
  11 naga sharpshooters
  7 salamander mystics
  2 shadow wraiths (D:14)
  14 skeletal warriors
  2 goliath frogs
  2 fire crabs
  2 flayed ghosts (D:14)
  23 deep trolls
  3 spriggan druids
  7 bog bodies
  6 sea snakes (Snake:2)
  3 naga ritualists
  10 swamp dragons
  A deep elf archer (D:13)
  3 wizards
  7 orc knights
  6 lindwurms
  5 ironbound convokers
  11 necromancers
  A wolf spider zombie (D:14)
  7 deep elf pyromancers
  13 mana vipers
  6 orc sorcerers
  A salamander (shapeshifter) (D:13)
  2 will-o-the-wisps (Swamp:2)
  17 ugly things
  2 oklob plants
  3 cyclopes
  18 salamanders
  3 spectral centaurs (D:14)
  18 naga magi
  14 elephants
  5 manticores
  3 guardian serpents (Snake:2)
  7 centaur zombies
  26 black mambas
  2 molten gargoyles (Volcano)
  An unseen horror (shapeshifter) (D:12)
  6 centaur skeletons
  5 vault sentinels
  5 torpor snails (Lair:5)
  Maggie (D:7)
  2 kobold demonologists
  A redback zombie (D:14)
  12 cane toads
  A rime drake (Lair:2)
  2 komodo dragons (Lair:4)
  14 yaktaurs
  2 tormentors (D:14)
  A freezing wraith (D:14)
  A tengu conjurer (D:14)
  A spectral harpy (D:14)
  A meliai (D:12)
  10 polar bears
  8 trolls
  A blink frog (shapeshifter) (D:14)
  14 hornets
  21 slime creatures
  A harpy skeleton (D:14)
  Grinder (D:5)
  3 raiju (Lair:5)
  A wolf spider simulacrum (D:14)
  A spectral meliai (D:14)
  19 blink frogs
  16 tyrant leeches
  A meliai zombie (D:15)
  5 centaur simulacra (D:14)
  9 spriggans
  2 shadows
  A vampire (D:13)
  2 hogs (Swamp:1)
  8 wraiths
  26 yaks
  2 wyverns
  Grum (D:10)
  16 humans
  2 fire bats (Volcano)
  3 basilisks
  4 steam dragons
  A redback (D:10)
  15 vampire mosquitoes
  5 wargs
  An acid dragon (D:11)
  11 swamp worms
  19 water moccasins
  38 nagas
  15 hell hounds
  3 sky beasts
  10 swamp drakes
  23 orc warriors
  A meliai simulacrum (D:14)
  A hornet zombie (D:15)
  16 black bears
  2 ogres
  10 centaurs
  30 wolves
  6 kobold brigands
  18 bullfrogs
  A necrophage (Swamp:3)
  2 gnoll sergeants
  6 scorpions
  4 wights (D:8)
  6 killer bees (D:10)
  15 howler monkeys
  A crimson imp (D:6)
  A jelly (shapeshifter) (D:13)
  9 hounds
  21 orc priests
  10 jellies
  A spectral boggart (D:14)
  2 gnoll boudas
  Ijyb (D:2)
  5 iguanas
  21 orc wizards
  7 adders
  17 gnolls
  2 river rats (Sewer)
  2 shadow imps (D:7)
  5 white imps
  3 ufetubi (D:6)
  2 worms
  A dart slug (D:4)
  84 orcs
  8 ball pythons
  23 endoplasms
  7 giant cockroaches
  13 hobgoblins
  3 jackals (Sewer)
  36 kobolds
  5 quokkas
  6 bats
  5 frilled lizards
  14 goblins
  11 rats
1260 creatures vanquished.

Vanquished Creatures (collateral kills)
  An ironbound preserver (Vaults:1)
  A two-headed ogre (D:10)
  A deep troll (Vaults:1)
  3 slime creatures (Vaults:1)
  A kobold demonologist (D:10)
  A wyvern (D:9)
  A yak (D:10)
  An orc warrior (D:10)
  3 kobold brigands
  9 kobolds
22 creatures vanquished.

Vanquished Creatures (others)
  Kirke (Swamp:1)
  2 bunyips (Swamp:1)
  The ghost of doot the Zephyrmancer, a novice DrAE of Vehumet (D:10)
  A wizard (D:15)
  2 bloated husks
  2 tyrant leeches (Swamp:4)
  A fire bat (Volcano)
  A yak (Lair:3)
  3 humans (Swamp:1)
  A hog (Swamp:1)
  2 nagas
  2 swamp drakes (Swamp:1)
  A wolf (D:11)
  An orc priest (Orc:2)
  A hound (D:11)
  An orc wizard (Orc:2)
  A gnoll (D:11)
  18 foxfires
  23 fungi
  106 plants
  43 withered plants (Swamp:3)
214 creatures vanquished.

Grand Total: 1496 creatures vanquished

Notes
Turn   | Place    | Note
-------+----------+-------------------------------------------
     0 | D:1      | Dorkslayer the Human Fighter began the quest for the Orb.
     0 | D:1      | Reached XP level 1. HP: 18/18 MP: 1/1
   156 | D:1      | Reached XP level 2. HP: 24/24 MP: 2/2
   237 | D:1      | You fall into a shaft and drop 1 floor!
   289 | D:2      | Found a bloodstained altar of Trog.
   338 | D:2      | Found Hevuw's Antique Armour Emporium.
   412 | D:2      | Found Gunij's Distillery.
   420 | D:2      | Bought a potion of degeneration for 10 gold pieces
   696 | D:2      | Found Itwa's Magic Scroll Boutique.
   705 | D:2      | Reached XP level 3. HP: 29/29 MP: 3/3
   705 | D:2      | Bought a scroll of identify for 22 gold pieces
  1243 | D:1      | Found a faded altar of an unknown god.
  1469 | D:2      | Found Dypnuv's Armour Boutique.
  1477 | D:2      | Found Qurerphadiz's Weapon Shoppe.
  1544 | D:2      | Reached XP level 4. HP: 34/35 MP: 4/4
  1617 | D:2      | Noticed Ijyb
  1628 | D:2      | Reached skill level 1 in Dodging
  1657 | D:2      | Killed Ijyb
  1696 | D:2      | Identified the +0 pair of gloves "Lexohusy" {rN+ rCorr}
  2081 | D:3      | Reached XP level 5. HP: 32/41 MP: 5/5
  2708 | D:3      | Found a hide-covered altar of Uskayaw.
  2730 | D:3      | Found a radiant altar of Vehumet.
  2821 | D:3      | Found Anekkoxt's General Store.
  3017 | D:3      | Found an opulent altar of Gozag.
  3027 | D:3      | Became a worshipper of Gozag Ym Sagoz the Greedy
  3246 | D:3      | Bought a potion of curing for 42 gold pieces
  3246 | D:3      | Bought a scroll of identify for 28 gold pieces
  3279 | D:4      | Reached XP level 6. HP: 20/48 MP: 6/6
  3346 | D:4      | Noticed a black bear
  3359 | D:4      | Killed a black bear
  3447 | D:4      | Found a glowing drain.
  3474 | Sewer    | Entered a sewer
  3752 | Sewer    | Reached XP level 7. HP: 52/54 MP: 7/7
  3770 | Sewer    | Reached skill level 5 in Long Blades
  3770 | Sewer    | Reached skill level 1 in Stealth
  3977 | Sewer    | Found a white marble altar of Elyvilon.
  4446 | D:4      | Reached XP level 8. HP: 25/61 MP: 8/8
  4743 | D:4      | Found a bloodstained altar of Trog.
  4753 | D:4      | Found a burning altar of Makhleb.
  4959 | D:2      | Bought a scroll of teleportation for 33 gold pieces
  4959 | D:2      | Bought a scroll of identify for 22 gold pieces
  4989 | D:2      | Bought a glowing cloak for 165 gold pieces
  5005 | D:2      | Bought a potion of brilliance for 40 gold pieces
  5005 | D:2      | Bought a potion of might for 40 gold pieces
  5005 | D:2      | Bought a potion of might for 40 gold pieces
  5005 | D:2      | Bought a potion of ambrosia for 80 gold pieces
  5037 | D:5      | Entered Level 5 of the Dungeon
  5056 | D:5      | Got the Guidebook on Firn
  5075 | D:5      | Reached skill level 5 in Fighting
  5229 | D:5      | Noticed Grinder
  5250 | D:5      | Killed Grinder
  5251 | D:5      | Reached skill level 1 in Short Blades
  5415 | D:5      | Got the Secrets of Apparitions
  5447 | D:5      | Found a staircase to the Ecumenical Temple.
  5466 | Temple   | Entered the Ecumenical Temple
  5493 | D:5      | Reached skill level 1 in Evocations
  5822 | D:6      | Reached skill level 4 in Shields
  5822 | D:6      | Reached XP level 9. HP: 68/68 MP: 9/9
  5972 | D:6      | Reached skill level 5 in Armour
  5978 | D:6      | Reached skill level 1 in Throwing
  5985 | D:6      | Noticed a five-headed hydra
  5996 | D:6      | Killed a one-headed hydra
  6495 | D:6      | Reached XP level 10. HP: 72/76 MP: 10/10
  6665 | D:6      | Found an ornate altar of the Wu Jian Council.
  6866 | D:7      | Reached skill level 5 in Shields
  7674 | D:7      | Found Gym Burheol's Distillery.
  7677 | D:7      | Bought a potion of might for 48 gold pieces
  7677 | D:7      | Bought a potion of heal wounds for 60 gold pieces
  7677 | D:7      | Bought a potion of mutation for 96 gold pieces
  7694 | D:7      | Noticed Maggie
  7712 | D:7      | Killed Maggie
  7892 | D:7      | Identified the +0 rapier "Trog's Hatred" {vorpal, rElec
                  | rPois Dex+4}
  8455 | D:2      | Bought a +1 plate armour of cold resistance for 490 gold
                  | pieces
  8537 | D:2      | Bought a scroll of enchant armour for 82 gold pieces
  8537 | D:2      | Bought a scroll of enchant armour for 82 gold pieces
  8537 | D:2      | Bought a scroll of enchant armour for 82 gold pieces
  8537 | D:2      | Bought a scroll of magic mapping for 82 gold pieces
  8647 | D:3      | Bought a potion of invisibility for 112 gold pieces
  8947 | D:8      | Noticed a manticore
  8963 | D:8      | Killed a manticore
  9320 | D:8      | Found a white marble altar of Elyvilon.
  9348 | D:8      | Reached XP level 11. HP: 39/84 MP: 11/11
  9920 | D:8      | Reached skill level 5 in Evocations
 10043 | D:8      | Found a shimmering altar of Xom.
 10250 | D:9      | Noticed a deep elf pyromancer
 10274 | D:9      | Killed a deep elf pyromancer
 10584 | D:9      | Noticed a two-headed ogre
 10599 | D:9      | Killed a two-headed ogre
 11053 | D:9      | Found the +4 robe of Augmentation {Str+4 Int+4 Dex+4}
 11542 | D:10     | Entered Level 10 of the Dungeon
 11846 | D:10     | Found a transporter.
 11853 | D:10     | Found a transporter.
 11853 | D:10     | Noticed doot's ghost (novice DrAE)
 11855 | D:10     | Noticed a two-headed ogre
 11858 | D:10     | Noticed a deep elf pyromancer
 12181 | D:10     | Identified the +3 trident "Hellblazer" {spect, Str+4 Int+4}
 12743 | D:10     | Killed a two-headed ogre
 12744 | D:10     | Reached skill level 1 in Polearms
 12749 | D:10     | Killed a deep elf pyromancer
 12755 | D:10     | Killed doot's ghost
 12756 | D:10     | Reached skill level 10 in Long Blades
 12956 | D:11     | Noticed Grum
 12956 | D:11     | Found Soexug's Armour Shop.
 12961 | D:10     | Killed Grum
 12962 | D:10     | Reached XP level 12. HP: 84/94 MP: 12/12
 13090 | D:11     | Noticed Harold
 13098 | D:11     | Killed Harold
 13181 | D:11     | Noticed Josephine
 13185 | D:11     | Reached skill level 5 in Polearms
 13191 | D:11     | Killed Josephine
 13313 | D:11     | Found a staircase to the Lair.
 13525 | D:11     | Noticed Sonja
 13540 | D:11     | Killed Sonja
 13541 | D:11     | Reached skill level 6 in Shields
 13649 | D:11     | Found Afeacur's Book Shop.
 13653 | D:11     | Found Eduareme's Distillery.
 13684 | D:11     | Bought a potion of heal wounds for 70 gold pieces
 13684 | D:11     | Bought a potion of heal wounds for 70 gold pieces
 13684 | D:11     | Bought a potion of mutation for 112 gold pieces
 13684 | D:11     | Bought a potion of cancellation for 112 gold pieces
 13684 | D:11     | Bought a potion of haste for 140 gold pieces
 13684 | D:11     | Bought a potion of haste for 140 gold pieces
 13684 | D:11     | Bought a potion of invisibility for 112 gold pieces
 13989 | D:12     | Reached skill level 5 in Stealth
 14008 | D:12     | Noticed a two-headed ogre
 14008 | D:12     | Noticed a centaur warrior
 14037 | D:12     | Killed a two-headed ogre
 14044 | D:12     | Killed a centaur warrior
 14244 | D:12     | Noticed a boulder beetle
 14276 | D:12     | Killed a boulder beetle
 14277 | D:12     | Reached XP level 13. HP: 52/101 MP: 13/13
 14483 | D:12     | Found a staircase to the Orcish Mines.
 14777 | Orc:1    | Entered Level 1 of the Orcish Mines
 14828 | Orc:2    | Entered Level 2 of the Orcish Mines
 14835 | Orc:2    | Found a staircase to the Elven Halls.
 14928 | Orc:2    | Found a dark tunnel.
 14947 | Volcano  | Entered a volcano
 14986 | Volcano  | Found a bloodstained altar of Trog.
 15006 | Volcano  | Reached skill level 7 in Shields
 16002 | Orc:2    | Reached skill level 5 in Throwing
 16709 | Orc:2    | Reached skill level 8 in Shields
 17318 | Orc:1    | Noticed Jorgrun
 17327 | Orc:1    | Killed Jorgrun
 18821 | Orc:1    | Reached skill level 10 in Fighting
 18833 | Orc:2    | Reached XP level 14. HP: 98/110 MP: 14/14
 18876 | Orc:2    | Found Jueroa's Weapon Shoppe.
 18876 | Orc:2    | Found Rinwam's Magic Scroll Shop.
 18878 | Orc:2    | Found Ekher's Jewellery Shoppe.
 18878 | Orc:2    | Found Gohe's Weapon Shop.
 18895 | Orc:2    | Bought a scroll of summoning for 133 gold pieces
 18898 | Orc:2    | Bought an amulet of reflection for 450 gold pieces
 19127 | Lair:1   | Entered Level 1 of the Lair of Beasts
 19173 | Lair:1   | Identified a scroll of acquirement
 19285 | Lair:1   | Acquired 270 gold pieces
 19525 | Lair:1   | Reached skill level 9 in Shields
 19703 | Lair:1   | Gained mutation: You are partially covered in iridescent
                  | scales. (AC +2) [potion of mutation]
 19704 | Lair:1   | Lost mutation: You are partially covered in iridescent
                  | scales. (AC +2) [potion of mutation]
 19704 | Lair:1   | Gained mutation: Your magical capacity is low. (-10% MP)
                  | [potion of mutation]
 19704 | Lair:1   | Gained mutation: Your muscles are strong. (Str +4, Int/Dex
                  | -1) [potion of mutation]
 19704 | Lair:1   | Gained mutation: Your spells are a little harder to cast,
                  | but a little more powerful. [potion of mutation]
 19705 | Lair:1   | Lost mutation: Your spells are a little harder to cast, but
                  | a little more powerful. [potion of mutation]
 19705 | Lair:1   | Lost mutation: Your muscles are strong. (Str +4, Int/Dex
                  | -1) [potion of mutation]
 19705 | Lair:1   | Gained mutation: Potions are less effective at restoring
                  | your health. [potion of mutation]
 19705 | Lair:1   | Gained mutation: You expend magic power (3 MP) to
                  | strengthen your wands. [potion of mutation]
 19705 | Lair:1   | Gained mutation: You have large cloven feet. [potion of
                  | mutation]
 19706 | Lair:1   | Lost mutation: Your magical capacity is low. (-10% MP)
                  | [potion of mutation]
 19706 | Lair:1   | Lost mutation: Potions are less effective at restoring your
                  | health. [potion of mutation]
 19706 | Lair:1   | Lost mutation: You expend magic power (3 MP) to strengthen
                  | your wands. [potion of mutation]
 19706 | Lair:1   | Gained mutation: Your body sometimes deteriorates upon
                  | taking damage. [potion of mutation]
 21125 | Lair:2   | Found a staircase to the Snake Pit.
 22261 | Lair:2   | Reached skill level 10 in Shields
 23334 | Lair:3   | Found a staircase to the Swamp.
 25201 | Lair:4   | Reached XP level 15. HP: 75/117 MP: 15/15
 25460 | Lair:5   | Entered Level 5 of the Lair of Beasts
 25732 | Lair:5   | Found a staircase to the Slime Pits.
 25785 | Lair:5   | Reached skill level 11 in Shields
 27923 | Lair:5   | Reached skill level 10 in Evocations
 28388 | Lair:5   | Reached skill level 10 in Armour
 28664 | Lair:5   | Found a runed translucent door.
 28690 | Lair:5   | Reached skill level 12 in Shields
 29195 | D:11     | Bought the +8 pearl dragon scales of Daisies {rF++ rN+} for
                  | 2385 gold pieces
 29236 | D:13     | Noticed Nessos
 29236 | D:13     | Found a gate to the Vaults.
 29249 | D:13     | Killed Nessos
 29625 | D:13     | Reached XP level 16. HP: 89/127 MP: 16/16
 29934 | D:13     | Acquired a manual of Throwing
 30345 | D:13     | Got the Spellbook of Spatial Silt
 30678 | D:13     | Identified the +10 dagger of the Mauling Gods {drain, rF+
                  | Str+2 Dex-4}
 30911 | D:13     | Found a shimmering blue altar of Sif Muna.
 31007 | D:13     | Lost mutation: Your body sometimes deteriorates upon taking
                  | damage. [potion of mutation]
 31007 | D:13     | Lost mutation: You have large cloven feet. [potion of
                  | mutation]
 31007 | D:13     | Gained mutation: You expend magic power (3 MP) to
                  | strengthen your wands. [potion of mutation]
 31007 | D:13     | Gained mutation: You are strong-willed. (Will+) [potion of
                  | mutation]
 31007 | D:13     | Gained mutation: You occasionally shout uncontrollably at
                  | your foes. [potion of mutation]
 31007 | D:13     | Gained mutation: You have sharp toenails. [potion of
                  | mutation]
 31595 | D:14     | Reached skill level 13 in Shields
 32487 | D:14     | Found an ancient bone altar of Kikubaaqudgha.
 33385 | D:14     | Reached XP level 17. HP: 54/135 MP: 13/17
 33709 | D:15     | Entered Level 15 of the Dungeon
 34161 | D:15     | Found Jyferry's Antique Weapon Emporium.
 34683 | D:15     | Reached skill level 14 in Shields
 34862 | D:15     | Reached skill level 5 in Dodging
 35081 | D:15     | Found a staircase to the Depths.
 35453 | Swamp:1  | Entered Level 1 of the Swamp
 35520 | Swamp:1  | Noticed Kirke
 35563 | Swamp:1  | Killed Kirke
 37766 | Swamp:3  | Noticed a tentacled monstrosity
 37781 | Swamp:3  | Killed a tentacled monstrosity
 38123 | Swamp:3  | Noticed Donald
 38139 | Swamp:3  | Killed Donald
 38140 | Swamp:3  | Reached XP level 18. HP: 113/143 MP: 18/18
 38928 | Swamp:3  | Reached skill level 15 in Shields
 39306 | Swamp:4  | Entered Level 4 of the Swamp
 40091 | Swamp:4  | Reached skill level 10 in Throwing
 41436 | Swamp:4  | Noticed a tentacled monstrosity
 41454 | Swamp:4  | Killed a tentacled monstrosity
 41972 | Swamp:4  | Got a decaying rune of Zot
 42230 | Snake:1  | Entered Level 1 of the Snake Pit
 43839 | Snake:2  | Found a stormy altar of Qazlal.
 43973 | Snake:2  | You are sucked into a shaft and drop 1 floor!
 43993 | Snake:3  | Noticed Vashnia
 44822 | Snake:2  | Reached XP level 19. HP: 152/152 MP: 19/19
 45604 | Snake:2  | Reached skill level 16 in Shields
 45978 | Snake:3  | Killed Vashnia
 46772 | Snake:3  | Found Qoseadghib's Vocational Training.
 46780 | Snake:3  | Bought a manual of Evocations for 1360 gold pieces
 46780 | Snake:3  | Bought a manual of Invocations for 1360 gold pieces
 46834 | Snake:4  | Entered Level 4 of the Snake Pit
 47110 | Snake:4  | Reached skill level 1 in Invocations
 47127 | Snake:4  | Reached skill level 15 in Fighting
 47196 | Snake:4  | Reached XP level 20. HP: 62/162 MP: 14/22
 48041 | Snake:4  | Got a serpentine rune of Zot
 48291 | Snake:4  | Found Umiwk's Mayhem Merchandise.
 48857 | D:11     | Bought the amulet of Relativism {Acrobat rElec Str+7 SInv}
                  | for 1383 gold pieces
 48900 | Vaults:1 | Entered Level 1 of the Vaults
 49101 | Vaults:1 | Reached skill level 5 in Invocations
 50417 | Vaults:1 | Found Pizeeq's Magic Scroll Shoppe.
 50476 | Vaults:1 | Bought a scroll of enchant armour for 112 gold pieces
 50476 | Vaults:1 | Bought a scroll of blinking for 112 gold pieces
 50476 | Vaults:1 | Bought a scroll of immolation for 60 gold pieces
 50476 | Vaults:1 | Bought a scroll of immolation for 60 gold pieces
 51335 | Vaults:2 | You are sucked into a shaft and drop 1 floor!
 52166 | Vaults:2 | Reached skill level 15 in Long Blades
 52514 | Vaults:2 | Reached skill level 17 in Shields
 52914 | Vaults:2 | Reached XP level 21. HP: 100/170 MP: 26/26
 54172 | Vaults:2 | Found a staircase to the Crypt.
 55044 | Vaults:3 | Killed from afar by a crystal guardian

Illustrated notes

Levels and vault maps discovered:
D:1:      nzn_arrival_crosshair, layout_basic,
          shapermc_ecumenical_altar_notcrosses, kennysheep_flooded_box
D:2:      kennysheep_the_goblin_king, layout_basic, serial_shops,
          nicolae_shop_bloodbath_and_beyond, shop, nicolae_shop_stone, shop,
          shop, basic_altar
D:3:      layout_basic, nicolae_gozag_seed_capital, grunt_temple_overflow_open,
          serial_bayou, serial_bayou_lagoon_a, serial_bayou_pond_e,
          serial_bayou_ford_a, serial_bayou_shore_a, serial_shops,
          nicolae_shop_hallway_stairs
D:4:      corexii_shantytown, layout_basic, mainiacjoe_overflow_big_doors,
          portal_sewer_entry_b
D:5:      layout_rooms, minmay_temple_entry_junction, uniq_grinder
D:6:      layout_basic, nzn_wu_jian_council_hall, st_stairs_2,
          minmay_fire_ice_demons
D:7:      minmay_polygon_palace, layout_basic, serial_shops,
          kennysheep_mini_moat, mrwooster_statue_mirror, uniq_maggie
D:8:      nicolae_BIG_FREAKIN_CUBE, layout_cave_pools,
          overflow_temple_1_default, mainiacjoe_overflow_paths, chequers_garden,
          kennysheep_nub
D:9:      layout_small_grid, guppyfry_early_elven_hall
D:10:     layout_gridville, gammafunk_ghost_arena
D:11:     layout_basic, erik_lair_island, serial_shops, nicolae_shop_stone,
          shop_fountains, nicolae_shop_temple_entry_statues_fountains,
          uniq_josephine, uniq_harold, uniq_grum, uniq_sonja
D:12:     layout_rooms, david_orc_3
D:13:     minmay_blocky_corners, layout_long_grid, david_vaults_3,
          nicolae_sif_muna_condensation
D:14:     evilmike_negative_zone, layout_loops_ring, minmay_misc_feat_pillars
D:15:     grunt_enter_depths_magical_seal, layout_loops_ring,
          hangedman_decor_growths, serial_shops,
          nicolae_shop_competitors_out_of_business
Temple:   nicolae_temple_bog_church
Lair:1:   layout_cave_pods, amcnicky_mini_pool_medium, grunt_megastairs_2
Lair:2:   layout_cave_pods, minmay_snake_entry_six_corridors, grunt_megastairs_5
Lair:3:   lemuel_slime, layout_regular_city, minmay_swamp_entry_worms,
          columned_hall_lemuel
Lair:4:   dpeg_oklob_shooting_range, layout_gridlike, beast_lair_carwin_2
Lair:5:   wormcave, layout_long_grid, hangedman_lair_caniforms_friends,
          slime_entry_1
Swamp:1:  layout_falls_marsh, nicolae_swamp_little_swirl, swamp_pool5,
          uniq_kirke
Swamp:2:  layout_basic_swamp, nicolae_swamp_some_circles, swamp_pool1
Swamp:3:  layout_basic_swamp, evilmike_swamp_ruin_rubble_1, st_shrine_of_shade,
          uniq_donald
Swamp:4:  swamp_alternative, layout_basic_swamp, nicolae_swamp_bloodsuckers_inc
Snake:1:  layout_gridlike, serial_bayou_shore_b
Snake:2:  nicolae_snake_attic_fulla_snakes, layout_grid_maze, basic_altar,
          nicolae_fountain_basement
Snake:3:  layout_misc_corridors, nicolae_shop_vocational, uniq_vashnia
Snake:4:  snake_pit, layout_concentric_octagons, minmay_shop_mayhem
Orc:1:    layout_caves, uniq_jorgrun
Orc:2:    grunt_orc_tribal_feast, layout_caves, nicolae_volcano_entry_vermiform,
          uniq_nessos
Vaults:1: hangedman_vaults_stretched_pinwheel, v_misc_24,
          nicolae_vaults_network_star, vaults_room_fancy_cross,
          ontoclasm_vaults_ring_small, layout_vaults_omnigrid, serial_shops,
          shop_statue
Vaults:2: v_misc_14, nicolae_vaults_little_squares_6, vaults_mumra_bighexcomb,
          vaults_standard_mumra_lines, minmay_crypt_entry_simple_box,
          vaults_room_semicircle, vaults_dpeg_cross, vaults_room_fours,
          hangedman_vaults_corner_blocks, nicolae_vaults_network_periphery,
          vaults_room_pool, vaults_dpeg_ring, layout_vaults_chaotic_city,
          uniq_margery
Vaults:3: grunt_vaults_bifocal, ontoclasm_vaults_hangar, v_misc_17,
          grunt_vaults_focal, v_rooms_4, ontoclasm_vaults_misaligned, v_misc_30,
          v_alt_pattern_1, v_misc_24, hangedman_vaults_stretched_pinwheel,
          hangedman_vaults_locks, nicolae_vaults_shelves_hall,
          layout_vaults_omnicross

Skill      XL: |  1  2  3  4  5  6  7  8  9 10 11 12 13 14 15 16 17 18 19 20 21 |
---------------+----------------------------------------------------------------+-----
Dodging        | 1 2 4 5 6 7 |  7.4
Long Blades    | 3 4 6 7 8 9 10 11 12 13 14 15 | 15.1
Fighting       | 4 5 6 7 8 9 10 11 12 13 14 15 16 | 16.1
Armour         | 4 6 7 8 9 10 11 | 11.5
Stealth        | 1 2 4 5 6 |  6.8
Short Blades   | 3 |  3.3
Evocations     | 1 3 4 6 7 8 9 10 11 12 13 14 | 14.6
Shields        | 4 5 6 8 10 12 13 14 15 16 17 | 17.1
Throwing       | 1 3 4 5 7 9 11 13 14 | 14.4
Polearms       | 1 7 8 |  8.5
Invocations    | 3 7 8 |  8.4

Action                   |  1- 3 |  4- 6 |  7- 9 | 10-12 | 13-15 | 16-18 | 19-21 || total
-------------------------+-------+-------+-------+-------+-------+-------+-------++-------
Melee: Long sword        |    99 |   213 |   238 |   415 |       |       |       ||   965
       Short sword       |       |       |    36 |       |       |       |       ||    36
       Trident           |       |       |       |   185 |    29 |       |       ||   214
       Unarmed           |       |       |       |     4 |       |       |       ||     4
       Scimitar          |       |       |       |       |  1961 |  1799 |  1152 ||  4912
Throw: Dart              |       |       |     2 |    11 |    23 |       |     2 ||    38
       Boomerang         |       |       |       |    34 |    40 |    33 |   132 ||   239
       Throwing net      |       |       |       |     4 |     4 |       |     2 ||    10
       Javelin           |       |       |       |       |       |       |     7 ||     7
Invok: Call Merchant     |       |       |       |       |     3 |       |     2 ||     5
Evoke: Wand              |       |       |     6 |     9 |    18 |    29 |    15 ||    77
       Lightning rod     |       |       |       |       |       |    12 |    10 ||    22
       Phial of floods   |       |       |       |       |       |     2 |     1 ||     3
  Use: Scroll            |     3 |    10 |     5 |    15 |    14 |     8 |     6 ||    61
       Potion            |       |     7 |     1 |    14 |    19 |    14 |     5 ||    60
 Stab: Invisible         |       |     4 |       |    19 |       |     3 |       ||    26
       Distracted        |       |     1 |     3 |     4 |    12 |    21 |    12 ||    53
       Held in net/web   |       |       |       |       |     4 |       |     2 ||     6
       Petrified         |       |       |       |       |     2 |       |       ||     2
       Petrifying        |       |       |       |       |     1 |       |       ||     1
       Sleeping          |       |       |       |       |       |     5 |       ||     5
       Confused          |       |       |       |       |       |     3 |       ||     3
Armor: Scale mail        |     8 |       |       |       |       |       |       ||     8
       Plate armour      |    65 |   153 |   155 |   401 |  1250 |       |       ||  2024
       Skin              |       |       |       |     1 |       |       |       ||     1
       Pearl dragon scal |       |       |       |       |    37 |   819 |   400 ||  1256
Dodge: Dodged            |    23 |    46 |    54 |   173 |   323 |   504 |   391 ||  1514
Block: Buckler           |    22 |    52 |    57 |   129 |       |       |       ||   260
       Kite shield       |       |       |       |    43 |  1732 |  1621 |   973 ||  4369
       Reflection        |       |       |       |       |    16 |    57 |    81 ||   154
